 Dungeon Crawl Stone Soup version 0.24-a0-307-gf989941 (webtiles) character file.

Game seed: 1514714824477310061

79 Iscandelvey the Bolt Thrower (level 4, 19/33 HPs)
             Began as a Demonspawn Arcane Marksman on May 12, 2019.
             Quit the game on level 2 of the Dungeon.
             The game lasted 00:00:36 (719 turns).

Iscandelvey the Bolt Thrower (DsAM)                  Turns: 719, Time: 00:00:37

Health: 19/33      AC:  4    Str: 10    XL:     4   Next: 17%
Magic:  5/5        EV: 12    Int: 16    God:
Gold:   9          SH:  0    Dex: 13    Spells: 4/5 levels left

rFire    . . .     SeeInvis .   a - +0 hand crossbow
rCold    . . .     Gourm    .   (no shield)
rNeg     . . .     Faith    .   e - +0 robe
rPois    .         Spirit   .   (no helmet)
rElec    .         Reflect  .   (no cloak)
rCorr    .         Harm     .   (no gloves)
MR       .....                  (no boots)
Stlth    +.........             (no amulet)
HPRegen  0.11/turn              (no ring)
MPRegen  0.09/turn              (no ring)

@: no status effects
A: thin metallic scales 1
a: no special abilities


You were on level 2 of the Dungeon.
You were not hungry.

You visited 1 branch of the dungeon, and saw 2 of its levels.

You collected 9 gold pieces.

Inventory:

Hand Weapons
 a - a +0 hand crossbow (weapon)
Missiles
 d - 7 bolts (quivered)
Armour
 e - a +0 robe (worn)
Scrolls
 b - a scroll of amnesia {unknown}
 c - a scroll of identify {unknown}
 g - a scroll of enchant armour {unknown}
 h - a scroll of noise {unknown}
Comestibles
 f - 2 rations


   Skills:
 + Level 1.7 Fighting
 + Level 3.4 Crossbows
 + Level 1.9 Dodging
 + Level 0.1 Stealth
 + Level 1.0 Spellcasting
 + Level 3.3 Hexes


You had 4 spell levels left.
You knew the following spells:

 Your Spells              Type           Power        Failure   Level  Hunger
a - Corona                Hex            ##.....      6%          1    ##.....

Your spell library contained the following spells:

 Spells                   Type           Power        Failure   Level  Hunger
 Slow                     Hex            ##......     9%          2    ###....
 Inner Flame              Hex/Fire       #.......     34%         3    ####...
 Portal Projectile        Hex/Tloc       #.....       34%         3    ####...
 Cause Fear               Hex            ##........   50%         4    #####..
 Leda's Liquefaction      Hex/Erth       #.........   75%         4    #####..


Dungeon Overview and Level Annotations

Branches:
Dungeon (2/15)

Altars:


Innate Abilities, Weirdness & Mutations

You are partially covered in thin metallic scales. (AC +2)


Message History

You shoot a bolt. The bolt hits the orc priest.
The orc priest is severely wounded.
An orc priest is nearby!
Firing (i - inventory)
d - 9 bolts (quivered)
Press: ? - help, Shift-Dir - straight line, f/p - orc priest
Aim: an orc priest, wielding a +0 dagger (severely wounded)
You shoot a bolt. The bolt hits the orc priest.
The orc priest is almost dead.
The orc priest mumbles some strange prayers to Beogh against you.
Beogh smites you!
You hear a shout!
An orc priest is nearby!
Firing (i - inventory)
d - 8 bolts (quivered)
Press: ? - help, Shift-Dir - straight line, f/p - orc priest
Aim: an orc priest, wielding a +0 dagger (almost dead)
You shoot a bolt. The bolt hits the orc priest.
You kill the orc priest!
You have reached level 4!
You feel clever.
Are you sure you want to abandon this character and quit the game? (Confirm with "yes".)

#
##.############
..(#...........
...)...@......(
...#...........
#...........
#...........
##'#########
#.# #########.#
#.).......#
#.#########


There were no monsters in sight!

Vanquished Creatures
  An orc priest (D:2)
  A gnoll (D:2)
  4 dart slugs (D:1)
  3 giant cockroaches (D:1)
  2 goblins (D:1)
  2 hobgoblins
  3 jackals (D:1)
  5 bats
  4 frilled lizards (D:1)
  4 kobolds (D:1)
  5 rats (D:1)
34 creatures vanquished.

Notes
Turn   | Place    | Note
-------+----------+-------------------------------------------
     0 | D:1      | Iscandelvey the Demonspawn Arcane Marksman began the quest
                  | for the Orb.
     0 | D:1      | Reached XP level 1. HP: 15/15 MP: 2/2
    81 | D:1      | Gained mutation: You are partially covered in thin metallic
                  | scales. (AC +2) [demonic ancestry]
    81 | D:1      | Reached XP level 2. HP: 21/21 MP: 3/3
   323 | D:1      | Reached XP level 3. HP: 21/26 MP: 4/4
   718 | D:2      | Reached XP level 4. HP: 19/33 MP: 5/5
   719 | D:2      | Quit the game

Levels and vault maps discovered:
D:1:      zaba_arrival_water, layout_loops_ring
D:2:      minmay_chambers_of_ones, layout_basic, first_ration

Skill      XL: |  1  2  3 |
---------------+----------+-----
Crossbows      | 2 3 |  3.4
Fighting       | |  1.7
Dodging        | |  1.9
Stealth        | |  0.1
Spellcasting   | |  1.0
Hexes          | |  3.3

Action                   |  1- 3 |  4- 6 || total
-------------------------+-------+-------++-------
 Fire: Hand crossbow     |    70 |       ||    70
Armor: Robe              |     7 |       ||     7
Dodge: Dodged            |    13 |       ||    13

Table legend:
 A = Non-vault XP
 B = Vault XP
 C = Vault XP percentage of total XP
 D = Non-vault monster count
 E = Vault monster count
 F = Vault count percentage of total count
                 A         B        C        D         E       F
            +---------+---------+-------+---------+---------+-------
      Total |     114 |       0 |   0.0 |      34 |       0 |   0.0
            +---------+---------+-------+---------+---------+-------
        D:1 |      54 |       0 |   0.0 |      30 |       0 |   0.0
        D:2 |      60 |       0 |   0.0 |       4 |       0 |   0.0
            +---------+---------+-------+---------+---------+-------
